 Dungeon Crawl Stone Soup version 0.20.1-1-g8b1a95d (webtiles) character file.

788 birkhead the Sneak (level 7, 0/49 HPs)
             Began as an Octopode Monk on Dec 7, 2017.
             Was a Follower of Uskayaw.
             Slain by a gnoll
             ... wielding a +0 spear
              (9 damage)
             ... on level 7 of the Dungeon.
             The game lasted 01:07:59 (5772 turns).

birkhead the Sneak (Octopode Monk)                  Turns: 5772, Time: 01:08:02

Health: 0/49       AC:  1    Str: 12    XL:     7   Next: 87%
Magic:  7/7        EV: 16    Int: 12    God:    Uskayaw [*.....]
Gold:   428        SH:  0    Dex: 15    Spells: 6/6 levels left

rFire    . . .     SeeInvis .     - Unarmed
rCold    . . .     Gourm    .   (no shield)
rNeg     . . .     Faith    .   (helmet restricted)
rPois    .         Spirit   .   (no amulet)
rElec    .         Reflect  .   k - ring of stealth
rCorr    .         Harm     .   (no ring)
MR       .....                  (no ring)
Stlth    +++++.....             (no ring)
Regen    0.2/turn               (no ring)
MPRegen  0.1/turn               (no ring)
                                (no ring)
                                (no ring)

@: no status effects
A: almost no armour, stealthy swim, amphibious, 8 rings, constrict 8, camouflage
1, gelatinous body 1
a: Stomp, Renounce Religion


You were on level 7 of the Dungeon.
You worshipped Uskayaw.
Uskayaw was noncommittal.
You were not hungry.

You visited 2 branches of the dungeon, and saw 8 of its levels.

You collected 428 gold pieces.

Inventory:

Hand Weapons
 f - a +0 blowgun
 p - a +1 dagger of venom
Missiles
 e - 74 poisoned needles
Jewellery
 k - a ring of stealth (left tentacle)
Scrolls
 d - a scroll of enchant armour {unknown}
 g - 3 scrolls of fear
 h - a scroll of blinking
 j - a scroll of amnesia
 q - 5 scrolls of immolation {unknown}
 s - 3 scrolls of teleportation
Potions
 c - a potion of agility
 i - a potion of resistance
 m - a potion of brilliance
 r - a potion of flight
Comestibles
 a - 3 bread rations
 b - 3 royal jellies
 l - a fruit
 o - 3 meat rations
 t - 2 chunks of flesh


   Skills:
 + Level 4.8 Fighting
 - Level 1.3 Short Blades
 + Level 5.2 Dodging
 + Level 6.0 Stealth
 + Level 5.2 Unarmed Combat
 + Level 1.3 Invocations


You had 6 spell levels left.
You didn't know any spells.

Dungeon Overview and Level Annotations

Branches:
Dungeon (7/15)             Temple (1/1) D:4

Altars:
Ashenzari
Cheibriados
Elyvilon
Fedhas
Gozag
Hepliaklqana
Kikubaaqudgha
Makhleb
Nemelex Xobeh
Okawaru
Qazlal
Ru
Uskayaw
Vehumet
Xom
Yredelemnul
Zin
The Shining One

Annotations:
D:4 Doomgape's ghost, novice HaHu
D:6 Sigmund


Innate Abilities, Weirdness & Mutations

You cannot wear most types of armour.
You are very stealthy in the water. (Stealth+)
You are amphibious.
You can wear up to eight rings at the same time.
You can use your tentacles to constrict eight enemies at once.
Your skin changes colour to match your surroundings (Stealth+).
Your rubbery body absorbs attacks. (AC +1, EV +1)


Message History

There is a stone staircase leading up here.
Found a stone staircase leading down.
A jelly comes into view.
Found a scroll of fog.
Wield which item (- for none, * to show all)? (? for menu, Esc to quit)
You are now empty-tentacled.
The gnoll sergeant looks more healthy.
The gnoll sergeant misses you.
You closely miss the gnoll sergeant. You grab the gnoll sergeant.
You tentacle-slap the gnoll sergeant, but do no damage.
The gnoll sergeant is almost dead.
You constrict the gnoll sergeant, but do no damage.
The gnoll sergeant barely misses you.
The gnoll hits you from afar with a spear.
You tentacle-slap the gnoll sergeant but do no damage.
The gnoll sergeant is almost dead.
You constrict the gnoll sergeant, but do no damage.
The gnoll sergeant hits you with a spear.
* * * LOW HITPOINT WARNING * * *
The gnoll hits you from afar with a spear!
You die...

..?..J.....
.........##
......... .....>.
..... ... #.# ..
#.# ..## #@#
....### ##g######
#......###gg.....#
#............####
#...........#
#.......(...##
#............#
#......###...#
#..##..## ##..#


You could see a gnoll sergeant and 2 gnolls.

Vanquished Creatures
  A phantom (D:4)
  A sky beast (D:3)
  An ogre (D:6)
  Blork the orc (D:4)
  A scorpion (D:3)
  An orc priest (D:4)
  2 orc wizards (D:5)
  3 worker ants
  An iguana (D:4)
  A gnoll (D:7)
  8 adders
  2 oozes
  An adder skeleton (D:4)
  A worm (D:3)
  A dart slug (D:2)
  5 leopard geckos
  9 orcs
  A ball python (D:3)
  8 bats
  8 giant cockroaches
  15 goblins
  13 hobgoblins
  17 jackals
  8 kobolds
  2 quokkas
  6 frilled lizards
  A leopard gecko skeleton (D:4)
  6 rats
125 creatures vanquished.

Notes
Turn   | Place    | Note
-------+----------+-------------------------------------------
     0 | D:1      | birkhead the Octopode Monk began the quest for the Orb.
     0 | D:1      | Reached XP level 1. HP: 16/16 MP: 1/1
   165 | D:1      | Reached XP level 2. HP: 21/21 MP: 2/2
   305 | D:1      | Reached skill level 3 in Stealth
   364 | D:1      | Reached XP level 3. HP: 6/26 MP: 3/3
  1019 | D:2      | Found a sacrificial altar of Ru.
  1296 | D:2      | Reached XP level 4. HP: 29/31 MP: 4/4
  1621 | D:3      | Noticed a sky beast
  2014 | D:3      | Found a basalt altar of Yredelemnul.
  2232 | D:3      | Reached skill level 4 in Stealth
  2275 | D:3      | Reached skill level 1 in Short Blades
  2275 | D:3      | Reached XP level 5. HP: 37/37 MP: 5/5
  3138 | D:3      | Killed a sky beast
  3138 | D:3      | Reached XP level 6. HP: 27/43 MP: 6/6
  3259 | D:4      | Noticed Doomgape's ghost (novice HaHu)
  3320 | D:4      | Noticed a phantom
  3339 | D:4      | Killed a phantom
  3339 | D:4      | Reached skill level 5 in Stealth
  3795 | D:4      | Found a staircase to the Ecumenical Temple.
  3801 | Temple   | Entered the Ecumenical Temple
  3966 | Temple   | Became a worshipper of Uskayaw the Reveler
  3966 | Temple   | Reached * piety under Uskayaw
  4077 | D:4      | Reached ** piety under Uskayaw
  4078 | D:4      | Reached XP level 7. HP: 38/49 MP: 7/7
  4084 | D:4      | Reached *** piety under Uskayaw
  4191 | D:4      | Noticed Blork the orc
  4197 | D:4      | Killed Blork the orc
  4354 | D:5      | Entered Level 5 of the Dungeon
  4577 | D:5      | Reached skill level 5 in Dodging
  4862 | D:5      | Reached skill level 5 in Unarmed Combat
  5418 | D:6      | Found an opulent altar of Gozag.
  5443 | D:6      | Reached skill level 6 in Stealth
  5443 | D:6      | Reached skill level 1 in Invocations
  5605 | D:6      | Noticed Sigmund
  5772 | D:7      | Slain by a gnoll

Skill      XL: |  1  2  3  4  5  6  7 |
---------------+----------------------+-----
Stealth        | 3 4 5 6 |  6.0
Short Blades   | 1 |  1.3
Dodging        | 4 5 |  5.2
Fighting       | 4 |  4.8
Unarmed Combat | 4 5 |  5.2
Invocations    | 1 |  1.3

Action                   |  1- 3 |  4- 6 |  7- 9 || total
-------------------------+-------+-------+-------++-------
Melee: Unarmed           |    78 |   112 |    73 ||   263
       Constrict         |    20 |    30 |    20 ||    70
       Tentacles         |    10 |    23 |    16 ||    49
       Punch             |     2 |     3 |     3 ||     8
       Dagger            |       |    14 |       ||    14
 Fire: Blowgun           |       |    21 |    20 ||    41
Evoke: Wand              |     3 |       |       ||     3
  Use: Scroll            |       |    11 |     1 ||    12
       Potion            |       |       |     1 ||     1
 Stab: Sleeping          |     8 |    18 |     9 ||    35
       Distracted        |       |       |     1 ||     1
       Paralysed         |       |       |     1 ||     1
  Eat: Chunk             |     1 |     9 |     5 ||    15
Armor: Skin              |     3 |     8 |     1 ||    12
Dodge: Dodged            |    42 |    77 |    44 ||   163
